 Dungeon Crawl Stone Soup version 0.24.0-29-g8ce449bc06 (webtiles) character file.

Game seed: 3797932789328329152, levelgen mode: deterministic

656 Flugslaktarn the Chopper (level 7, 0/61 HPs)
             Began as a Hill Orc Fighter on Nov 14, 2019.
             Was a Believer of Uskayaw.
             Slain by a gnoll (5 damage)
             ... on level 5 of the Dungeon.
             The game lasted 00:01:53 (3683 turns).

Flugslaktarn the Chopper (Hill Orc Fighter)         Turns: 3683, Time: 00:01:54

Health: 0/61       AC:  8    Str: 21    XL:     7   Next: 55%
Magic:  8/8        EV:  7    Int:  8    God:    Uskayaw [**....]
Gold:   145        SH: 10    Dex: 10    Spells: 6/6 levels left

rFire    . . .     SeeInvis .   a - +0 war axe
rCold    . . .     Gourm    .   c - +0 shield
rNeg     . . .     Faith    .   b - +0 scale mail
rPois    .         Spirit   .   (no helmet)
rElec    .         Reflect  .   (no cloak)
rCorr    .         Harm     .   (no gloves)
MR       .....                  m - +0 pair of boots
Stlth    ..........             (no amulet)
HPRegen  0.20/turn              (no ring)
MPRegen  0.11/turn              (no ring)

@: no status effects
A: no striking features
a: Stomp, Line Pass, Renounce Religion


You were on level 5 of the Dungeon.
You worshipped Uskayaw.
Uskayaw was noncommittal.
You were not hungry.

You visited 2 branches of the dungeon, and saw 6 of its levels.

You collected 145 gold pieces.

Inventory:

Hand Weapons
 a - a +0 war axe (weapon)
Armour
 b - a +0 scale mail (worn)
 c - a +0 shield (worn)
 m - a +0 pair of boots (worn)
   (You found it on level 2 of the Dungeon)
Jewellery
 r - a cursed ring of teleportation {unknown}
   (You found it on level 3 of the Dungeon)
 s - an uncursed ring of flight {unknown}
   (You found it on level 4 of the Dungeon)
Wands
 n - a wand of scattershot (6)
   (You found it on level 3 of the Dungeon)
Scrolls
 g - a scroll of remove curse {unknown}
 h - 6 scrolls of identify {unknown}
 i - a scroll of teleportation {unknown}
 j - a scroll of magic mapping {unknown}
 l - 2 scrolls of fog {unknown}
 p - 2 scrolls of fear {unknown}
 q - 3 scrolls of enchant armour {unknown}
Potions
 d - a potion of might
 f - a potion of haste {unknown}
 k - a potion of mutation {unknown}
 o - a potion of heal wounds {unknown}
 u - a potion of berserk rage {unknown}
Comestibles
 e - 11 rations
 t - 7 chunks of flesh


   Skills:
 + Level 5.4 Fighting
 * Level 6.6 Axes
 + Level 4.8 Armour
 + Level 5.0 Shields
 + Level 0.1 Invocations
 + Level 2.4 Evocations


You had 6 spell levels left.
You didn't know any spells.
Your spell library was empty.

Dungeon Overview and Level Annotations

Branches:
Dungeon (5/15)             Temple (1/1) D:5

Altars:
Ashenzari
Cheibriados
Dithmenos
Elyvilon
Fedhas
Gozag
Hepliaklqana
Kikubaaqudgha
Makhleb
Nemelex Xobeh
Qazlal
Ru
Sif Muna
Trog
Uskayaw
Vehumet
Wu Jian
Xom
Yredelemnul
Zin
The Shining One

Shops:
D:4 }:%


Message History

You completely miss the gnoll. You hit the gnoll but do no damage.
You block the gnoll's attack. x2
You hit the gnoll but do no damage. You hit the gnoll.
The gnoll hits you with a +0 spear.
* * * LOW HITPOINT WARNING * * *
The gnoll hits you but does no damage.
You barely miss the gnoll. x2; You block the gnoll's attack.
The gnoll barely misses you.
You hit the gnoll but do no damage.
Your shield and scale mail prevent you from hitting the gnoll.
The gnoll closely misses you. The gnoll hits you.
* * * LOW HITPOINT WARNING * * *
You block the gnoll's attack.
You hit the gnoll.
The gnoll is heavily wounded.
Your shield prevents you from hitting the gnoll.
The gnoll hits you.
* * * LOW HITPOINT WARNING * * *
The gnoll hits you but does no damage. The gnoll hits you.
You die...

.# .# ### ##.# #.. ...
#.. #.# .. #.. #.##.#
#...######.#..#
#..........#.###.##
###...#####.g@g......#
....$......))#.#####.#
.............#.###
.............#....#
###...#####.#...#.#
#......[..#......#
#...##.[#....#.#.# #
##[)..###.# #
#..[###...##.###


You could see 2 gnolls.

Vanquished Creatures
  A hornet zombie (D:4)
  An ogre (D:4)
  Blork the orc (D:5)
  An orc priest (D:3)
  A bullfrog skeleton (D:4)
  2 orc wizards
  A centaur skeleton (D:4)
  An iguana (D:5)
  3 worker ants
  2 gnolls (D:5)
  6 adders
  3 worms (D:3)
  3 dart slugs
  3 leopard geckos
  16 orcs
  A ball python (D:1)
  6 bats
  5 giant cockroaches
  A goblin (D:3)
  3 hobgoblins
  11 jackals
  A quokka (D:4)
  3 frilled lizards
  2 jackal skeletons (D:4)
  6 kobolds
  4 rats
88 creatures vanquished.

Notes
Turn   | Place    | Note
-------+----------+-------------------------------------------
     0 | D:1      | Flugslaktarn the Hill Orc Fighter began the quest for the
                  | Orb.
     0 | D:1      | Reached XP level 1. HP: 19/19 MP: 1/1
   138 | D:1      | Reached skill level 3 in Axes
   387 | D:1      | Reached XP level 2. HP: 25/27 MP: 2/2
   527 | D:2      | Found a stormy altar of Qazlal.
   579 | D:2      | Reached XP level 3. HP: 21/33 MP: 3/3
   987 | D:3      | Found a shattered altar of Ashenzari.
  1293 | D:3      | Reached skill level 4 in Axes
  1293 | D:3      | Reached XP level 4. HP: 40/40 MP: 4/4
  1364 | D:3      | Reached XP level 5. HP: 39/47 MP: 5/5
  1695 | D:3      | Reached skill level 1 in Evocations
  1964 | D:3      | Found an opulent altar of Gozag.
  2129 | D:4      | Reached skill level 5 in Axes
  2169 | D:4      | Found Cuufuc's Food Shop.
  2248 | D:4      | Reached XP level 6. HP: 45/53 MP: 5/7
  2916 | D:4      | Found Xogig's Book Boutique.
  2935 | D:4      | Reached skill level 5 in Fighting
  3187 | D:4      | Found Gesypast's Gadget Boutique.
  3312 | D:4      | Reached skill level 6 in Axes
  3312 | D:4      | Reached XP level 7. HP: 48/61 MP: 8/8
  3426 | D:4      | You fall into a shaft and drop 1 floor!
  3426 | D:5      | Entered Level 5 of the Dungeon
  3438 | D:5      | Noticed Blork the orc
  3452 | D:5      | Killed Blork the orc
  3487 | D:5      | Reached skill level 5 in Shields
  3501 | D:5      | Found a staircase to the Ecumenical Temple.
  3518 | Temple   | Entered the Ecumenical Temple
  3636 | Temple   | Became a worshipper of Uskayaw the Reveler
  3667 | D:5      | Reached * piety under Uskayaw
  3673 | D:5      | Reached ** piety under Uskayaw
  3683 | D:5      | Slain by a gnoll

Levels and vault maps discovered:
D:1:      minmay_arrival_arboretum_small, layout_loops_ring
D:2:      layout_loops_corners, nicolae_qazlal_general_emergency, first_ration,
          kennysheep_crisscross
D:3:      layout_basic, ashenzari_altar_1, marbit_many_paths,
          serial_corexii_hall, chequers_hall_statues_wall_a,
          corexii_hall_statues_t
D:4:      layout_basic, serial_shops, kennysheep_mini_moat, shop, shop,
          nicolae_shop_waterfront, nicolae_shop_behind_doors
D:5:      layout_loops_cross, minmay_temple_entry_slanted, uniq_blork_the_orc
Temple:   compressed_dpeg_circular_temple

Skill      XL: |  1  2  3  4  5  6  7 |
---------------+----------------------+-----
Axes           | 3 4 5 6 |  6.6
Fighting       | 4 5 |  5.4
Shields        | 4 5 |  5.0
Armour         | 4 |  4.8
Evocations     | 1 2 |  2.4
Invocations    | |  0.1

Action                   |  1- 3 |  4- 6 |  7- 9 || total
-------------------------+-------+-------+-------++-------
Melee: War axe           |   118 |   168 |    40 ||   326
  Eat: Chunk             |     1 |     7 |     1 ||     9
Armor: Scale mail        |    63 |    68 |    17 ||   148
Dodge: Dodged            |    35 |    43 |     9 ||    87
Block: Shield            |    65 |    83 |    31 ||   179
